 Dungeon Crawl Stone Soup version 0.28-a0-895-g6e5f11bd55 (webtiles) character file.

Game seed: 1259850064781168666

70 gigimoi the Chopper (level 4, -2/40 HPs)
             Began as a Hill Orc Monk on Nov 22, 2021.
             Slain by a kobold (3 damage)
             ... on level 2 of the Dungeon.
             The game lasted 00:03:57 (1757 turns).

gigimoi the Chopper (Hill Orc Monk)                 Turns: 1757, Time: 00:03:58

Health: -2/40      AC:  2    Str: 20    XL:     4   Next: 21%
Magic:  4/4        EV: 12    Int: 10    God:
Gold:   66         SH:  0    Dex: 13    Spells: 3/3 levels left

rFire   . . .      SeeInvis .   m - +3 whip
rCold   . . .      Faith    .   (no shield)
rNeg    . . .      Spirit   .   b - +0 robe
rPois   .          Reflect  .   (no helmet)
rElec   .          Harm     .   (no cloak)
rCorr   .          Rampage  .   (no gloves)
Will    .....                   (no boots)
Stlth   ++........              (no amulet)
HPRegen 0.13/turn               i - ring of flight
MPRegen 0.09/turn               j - +6 ring of strength

@: lethally poisoned (-2 -> -3), flying
A: no striking features
a: no special abilities


You were on level 2 of the Dungeon.
You visited 1 branch of the dungeon, and saw 2 of its levels.

You collected 66 gold pieces.

Inventory:

Hand Weapons
 m - a +3 whip (weapon)
Missiles
 d - 67 stones (quivered)
Armour
 b - a +0 robe (worn)
Jewellery
 i - a ring of flight (left hand)
 j - a +6 ring of strength (right hand)
Scrolls
 e - a scroll of holy word {unknown}
 f - a scroll of fear {unknown}
 h - a scroll of magic mapping {unknown}
 k - 2 scrolls of identify {unknown}
 l - a scroll of teleportation {unknown}
Potions
 c - a potion of lignification {unknown}
 g - a potion of brilliance {unknown}


   Skills:
 + Level 4.2 Fighting
 - Level 4.6 Axes
 + Level 0.1(2.2) Maces & Flails
 + Level 1.0 Throwing
 + Level 1.2 Armour
 + Level 2.8 Dodging
 - Level 1.8 Stealth


You had 3 spell levels left.
You didn't know any spells.
Your spell library was empty.

Dungeon Overview and Level Annotations

Branches:
Dungeon (2/15)

Altars:


Message History

You feel sick. The adder bites you. The kobold hits you with a +0 club.
The adder bites you.
You hit the adder.
The adder is almost dead.
You feel sick. The kobold hits you with a +0 club. The adder bites you.
Unknown command.
You feel sick.
You closely miss the adder.
The adder is almost dead.
You feel sick. The adder bites you but does no damage. The adder bites you.
You miss the adder.
The adder is almost dead.
You feel sick. The adder closely misses you. The kobold closely misses you.
You barely miss the adder.
The adder is almost dead.
You feel sick. The adder bites you. The kobold closely misses you.
You barely miss the adder.
The adder is almost dead.
You feel sick. The adder barely misses you. The kobold hits you with a +0 club.
* * * LOW HITPOINT WARNING * * *
You closely miss the adder.
The adder is almost dead.
You feel sick.
You are no longer poisoned.
The adder closely misses you. The kobold hits you with a +0 club.
* * * LOW HITPOINT WARNING * * *
The adder bites you.
* * * LOW HITPOINT WARNING * * *
You are poisoned.
The adder poisons you!
You hit the adder.
You kill the adder!
* * * LOW HITPOINT WARNING * * *
You feel sick. The kobold hits you with a +0 club.
* * * LOW HITPOINT WARNING * * *
You hit the kobold.
The kobold is heavily wounded.
* * * LOW HITPOINT WARNING * * *
You feel sick. The kobold hits you with a +0 club.
You die...

.###..#
....<...............
.# ..#
#...............##.#
.. ....
..#########......... #
#. ..##.#.#.### #.
#.##.#.# # #.
##.##.#.#.# #.##.#.
###...).....#
#......##.........#.#
(.((.(..@.............
#.##...K......#.##..##
#..###.#..##.# ..# #..
#.#...... .# #.
#.#...#.## .# #.
#.......# # ..#..#..#
..#.....# ..#.##.##


You could see a kobold.

Vanquished Creatures
  Robin (D:2)
  2 adders (D:2)
  A dart slug (D:2)
  3 ball pythons (D:1)
  4 endoplasms
  2 hobgoblins
  3 kobolds
  2 quokkas
  A bat (D:1)
  2 frilled lizards (D:2)
  12 goblins
  4 rats
37 creatures vanquished.

Vanquished Creatures (others)
  5 demonic plants (D:2)
  3 fungi (D:2)
  4 plants (D:2)
  A withered plant (D:2)
13 creatures vanquished.

Grand Total: 50 creatures vanquished

Notes
Turn   | Place    | Note
-------+----------+-------------------------------------------
     0 | D:1      | gigimoi the Hill Orc Monk began the quest for the Orb.
     0 | D:1      | Reached XP level 1. HP: 19/19 MP: 1/1
   161 | D:1      | Reached XP level 2. HP: 18/27 MP: 2/2
  1041 | D:2      | Found a faded altar of an unknown god.
  1121 | D:2      | Reached XP level 3. HP: 33/33 MP: 3/3
  1186 | D:2      | Noticed Robin
  1210 | D:2      | Killed Robin
  1230 | D:2      | Reached skill level 1 in Armour
  1238 | D:2      | HP: 1/33 [goblin[Robin] (3)]
  1240 | D:2      | Reached XP level 4. HP: 1/40 MP: 4/4
  1565 | D:2      | Reached skill level 1 in Throwing
  1756 | D:2      | HP: 2/40 [kobold (1)]
  1757 | D:2      | Slain by a kobold

Illustrated notes

Levels and vault maps discovered:
D:1:      nicolae_arrival_washed_ashore, layout_rooms, minmay_tree_intersection
D:2:      layout_basic, shapermc_ecumenical_altar_gd,
          chequers_serial_rivers_marsh, roderic_three_in_a_row, uniq_robin

Skill      XL: |  1  2  3  4 |
---------------+-------------+-----
Fighting       | 4 |  4.2
Armour         | 1 |  1.2
Throwing       | 1 |  1.0
Axes           | |  4.6
Maces & Flails | |  0.1
Dodging        | |  2.8
Stealth        | |  1.8

Action                   |  1- 3 |  4- 6 || total
-------------------------+-------+-------++-------
Melee: Hand axe          |    95 |    11 ||   106
       Whip              |       |    12 ||    12
Throw: Stone             |     9 |     8 ||    17
Armor: Robe              |    10 |     1 ||    11
Dodge: Dodged            |    53 |    11 ||    64

Table legend: (Time is in decaauts)
 A = Elapsed time spent in this place.
 B = Non-inter-level travel time spent in this place.
 C = Inter-level travel time spent in this place.
 D = Time resting spent in this place.
 E = Time spent auto-exploring this place.
 F = Levels seen in this place.
 G = Mean time per level.
                   A        B        C        D        E       F      G
               +--------+--------+--------+--------+--------+-----+--------+
         Total |   1769 |   1681 |     88 |    718 |    616 |   2 |  884.5 |
       Dungeon |   1769 |   1681 |     88 |    718 |    616 |   2 |  884.5 |
               +--------+--------+--------+--------+--------+-----+--------+

Top non-repeatable levels by time:
     D:1: 991 daAuts
     D:2: 777 daAuts
